 Dungeon Crawl Stone Soup version 0.31-a0-743-g45f7035092 (webtiles) character file.

Game seed: 5401343944263803140

15 Bravepunisher the Ducker (level 2, -5/16 HPs)
             Began as a Spriggan Monk on Sept 13, 2023.
             Slain by a hornet (15 damage)
             ... on level 4 of the Dungeon.
             The game lasted 00:01:43 (384 turns).

Bravepunisher the Ducker (Spriggan Monk)             Turns: 384, Time: 00:01:43

Health: -5/16      AC:  2    Str:  7    XL:     2   Next: 34%
Magic:  3/3        EV: 19    Int: 11    God:
Gold:   28         SH:  0    Dex: 17    Spells: 1/1 levels left

rFire   . . .        a - +0 short sword
rCold   . . .        d - orb {light}
rNeg    . . .        b - +0 robe
rPois   .            (helmet restricted)
rElec   .            (no cloak)
rCorr   .            (gloves unavailable)
SInv    +            (boots unavailable)
Will    .....        (no amulet)
Stlth   +            (no ring)
HPRegen 0.22/turn    (no ring)
MPRegen 0.08/turn

%: no passive effects
@: confused, ambrosia-drunk, glowing, very quick
A: very small, no large weapons, unfitting armour, see invisible, speed 3
a: no special abilities


You were on level 4 of the Dungeon.
You visited 1 branch of the dungeon, and saw 3 of its levels.

You collected 28 gold pieces.

Inventory:

Hand Weapons
 a - a +0 short sword (weapon)
Armour
 b - a +0 robe (worn)
 d - an orb of light (worn)


   Skills:
 + Level 2.6 Fighting
 - Level 3.2 Short Blades
 * Level 4.7 Dodging


You had one spell level left.
You didn't know any spells.
Your spell library contained the following spells:

 Spells                   Type           Power      Damage    Failure   Level
 Kiss of Death            Conj/Necr      0%         2d5       34%         1
 Fireball                 Conj/Fire      0%         3d3       100%        5
 Freezing Cloud           Conj/Ice/Air   0%         6-21      100%        5
 Spellforged Servitor     Conj/Summ      0%         N/A       100%        7


Dungeon Overview and Level Annotations

Branches:
Dungeon (2/15)

Altars:

Shops:
D:2 (

Annotations:
D:2 Natasha


Innate Abilities, Weirdness & Mutations

You are very small and have problems with some larger weapons.
You are too small for most types of armour.
You have supernaturally acute eyesight. (SInv)
You cover ground extremely quickly. (Speed+++)


Message History

You see here 5 boomerangs.
A kobold comes into view. It is wielding a +0 whip.
The kobold shouts!
Found a stone staircase leading up.
Found a rapier.
A giant cockroach comes into view.
Found a stone staircase leading up.
You see here a +0 rapier.
An adder comes into view.
The adder hisses angrily.
The adder bites you but does no damage.
A phantom comes into view.
The phantom moves out of view.
A hound comes into view.
The hound barks!
You hear a shout!
A giant cockroach comes into view.
An orc comes into view. It is wielding a +0 flail.
The orc shouts!
The hornet misses you. The hornet attacks as it pursues you!
The hornet stings you!
Ouch! That really hurt!
You feel yourself slow down. The adder closely misses you.
Found a grey potion.
The hornet attacks as it pursues you! The hornet misses you.
You feel yourself speed up. The hornet stings you.
* * * LOW HITPOINT WARNING * * *
You feel yourself slow down.
Found a sapphire potion.
The hornet closely misses you.
Found a scroll labelled LILUNU EMPI.
You feel yourself speed up.
You see here a grey potion.
The hornet attacks as it pursues you! The hornet closely misses you.
You are confused.
You feel invigorated.
The hornet stings you but does no damage.
The hornet attacks as it pursues you! The hornet stings you!
Ouch! That really hurt!
You die...

#########
........################
#....!.@y.!B.hB....o...#
#######.#S#########.....
#.#.# #....# #.#.#
#####.#B## #....
.........# ....#
#####.#..# .?.## #.#..#
...# #.#... #...


You could see a hornet, a hound, an adder and 2 giant cockroaches.

Vanquished Creatures
  A dart slug (D:1)
  5 bats
  A goblin (D:2)
  A hobgoblin (D:2)
  A ball python (D:2)
  A frilled lizard (D:2)
  A kobold (D:1)
  2 rats (D:1)
13 creatures vanquished.

Notes
Turn   | Place    | Note
-------+----------+-------------------------------------------
     0 | D:1      | Bravepunisher the Spriggan Monk began the quest for the
                  | Orb.
     0 | D:1      | Reached XP level 1. HP: 11/11 MP: 2/2
    12 | D:1      | Got Qeewnean's Discourse on Impulse and Ignition
   147 | D:2      | Reached XP level 2. HP: 16/16 MP: 3/3
   172 | D:2      | Found Yrehoch's Weapon Boutique.
   173 | D:2      | Noticed Natasha
   272 | D:2      | You fall into a shaft and drop 2 floors!
   307 | D:4      | Noticed a hornet
   364 | D:4      | Noticed a phantom
   384 | D:4      | Slain by a hornet

Illustrated notes

Levels and vault maps discovered:
D:1:      dpeg_arrival_prison, layout_basic, ebering_ecumenical_altar_petrified,
          minmay_tripent
D:2:      layout_loops_corners, basic_altar, serial_shops, shop_fountains,
          nicolae_shop_competitors_out_of_business, nicolae_shop_stone,
          nicolae_shop_hallway_stairs, skrybe_limestone_x,
          chequers_serial_rivers_small_a, amethyst_killhole, uniq_robin,
          uniq_natasha
D:4:      layout_loops_ring, nicolae_overflow_hidden_temple,
          mainiacjoe_overflow_alcove_3, uniq_duvessa

Action                     || total
---------------------------++-------
  Melee: Short sword       ||    51
    Use: Potion            ||     1
 Armour: Robe              ||    19
  Dodge: Dodged            ||    45

Table legend: (Time is in decaauts)
 A = Elapsed time spent in this place.
 B = Non-inter-level travel time spent in this place.
 C = Inter-level travel time spent in this place.
 D = Time resting spent in this place.
 E = Time spent auto-exploring this place.
 F = Levels seen in this place.
 G = Mean time per level.
                   A        B        C        D        E       F      G
               +--------+--------+--------+--------+--------+-----+--------+
         Total |    262 |    262 |      0 |      0 |     92 |   3 |   87.3 |
       Dungeon |    262 |    262 |      0 |      0 |     92 |   3 |   87.3 |
               +--------+--------+--------+--------+--------+-----+--------+

Top non-repeatable levels by time:
     D:2: 121 daAuts
     D:1: 70 daAuts
     D:4: 70 daAuts
